 Dungeon Crawl Stone Soup version 0.19.0-2-gae57169 (webtiles) character file.

26619 Garfong the Earth Mage (level 13, 0/63 HPs)
             Began as a Gargoyle Earth Elementalist on Oct 30, 2016.
             Was an Elder of Vehumet.
             Slain by Azrael
             ... wielding a +0 scimitar of flaming
              (9 damage)
             ... while paralysed by Rupert
             ... on level 13 of the Dungeon on Nov 4, 2016.
             The game lasted 01:06:27 (14324 turns).

Garfong the Earth Mage (GrEE)                      Turns: 14324, Time: 01:06:27

Health: 0/63       AC: 16    Str: 13    XL:     13   Next: 27%
Magic:  6/30       EV:  2    Int: 22    God:    Vehumet [****..]
Gold:   1378       SH:  0    Dex: 10    Spells: 4 memorised, 25 levels left

rFire  . . .     SeeInvis .     b - 290 stones
rCold  . . .     Gourm    .     x - +2 robe {rN+}
rNeg   + + .     Faith    .     Q - +0 buckler
rPois  ∞         Spirit   .     (no helmet)
rElec  +         Reflect  .     i - +0 cloak
rCorr  .         Harm     +     (no gloves)
MR     .....                    (no boots)
Stlth  +.........               t - amulet of harm
                                l - +2 ring of intelligence
                                O - +2 ring of protection

@: confused, paralysed, liquid flames, glowing
A: negative energy resistance 1, electricity resistance, unbreathing,
petrification resistance, rot immunity, AC +9
a: Renounce Religion


You were on level 13 of the Dungeon.
You worshipped Vehumet.
Vehumet was greatly pleased with you.
You were near starving.

You visited 2 branches of the dungeon, and saw 14 of its levels.
You also visited: Bailey.

You collected 1825 gold pieces.
You spent 447 gold pieces at shops.

Inventory:

Hand Weapons
 j - a +0 whip
 J - a +0 morningstar
Missiles
 b - 290 stones (in hand)
Armour
 i - a +0 cloak (worn)
 m - a +0 robe of fire resistance
 x - a +2 robe of positive energy (worn)
 I - the +0 robe of the Saviour {+Fly}
   (You found it on level 8 of the Dungeon)

   It lets you fly.
 P - a +0 troll leather armour
 Q - a +0 buckler (worn)
Jewellery
 h - an uncursed ring of protection from fire
 l - a +2 ring of intelligence (right hand)
 t - an amulet of harm (around neck)
 O - a +2 ring of protection (left hand)
 S - an uncursed ring of positive energy {unknown}
 T - an uncursed amulet of rage {unknown}
Wands
 u - a wand of hasting (4/9)
 F - a wand of digging (19/24)
 M - a wand of polymorph (16/24)
Scrolls
 f - 5 scrolls of immolation
 n - 2 scrolls of teleportation
 o - a scroll of noise
 r - a scroll of fog
 D - a scroll of enchant armour {unknown}
 G - a scroll of magic mapping
 L - a scroll of amnesia {unknown}
 N - 5 scrolls of identify
 R - a scroll of recharging {unknown}
Potions
 a - a potion of beneficial mutation {unknown}
 c - a potion of resistance
 g - 2 potions of heal wounds
 k - 2 potions of magic
 s - 2 potions of cancellation
 v - 10 potions of curing
 w - 3 potions of ambrosia
 A - 2 potions of agility
 B - 2 potions of brilliance
 C - 6 potions of lignification
 H - a potion of invisibility
Books
 e - a book of Geomancy

   Spells                             Type                      Level
   a - Sandblast                      Earth                        1
   b - Passwall                       Transmutation/Earth          2
   c - Stone Arrow                    Conjuration/Earth            3
   d - Petrify                        Transmutation/Earth          4
   e - Lee's Rapid Deconstruction     Earth                        5
 y - a book of Changes

   Spells                             Type                      Level
   a - Beastly Appendage              Transmutation                1
   b - Sticks to Snakes               Transmutation                2
   c - Spider Form                    Transmutation/Poison         3
   d - Ice Form                       Ice/Transmutation            4
   e - Blade Hands                    Transmutation                5
 E - a Young Poisoner's Handbook

   Spells                             Type                      Level
   a - Sting                          Conjuration/Poison           1
   b - Mephitic Cloud                 Conjuration/Poison/Air       3
   c - Olgreb's Toxic Radiance        Poison                       4
   d - Alistair's Intoxication        Transmutation/Poison         5
   e - Venom Bolt                     Conjuration/Poison           5
Comestibles
 d - 7 bread rations
 p - 2 meat rations
 q - 7 beef jerkies
 z - 5 fruits
 K - 8 royal jellies


   Skills:
 + Level 6.3 Dodging
 - Level 2.1 Stealth
 - Level 6.3 Shields
 - Level 13.0 Spellcasting
 - Level 5.6 Conjurations
 - Level 0.7 Transmutations
 - Level 15.2 Earth Magic


You had 25 spell levels left.
You knew the following spells:

 Your Spells              Type           Power        Failure   Level  Hunger
a - Sandblast             Erth           ######       0%          1    None
b - Stone Arrow           Conj/Erth      ######       1%          3    None
d - Petrify               Tmut/Erth      #####...     1%          4    None
e - Lee's Rapid Deconstr  Erth           ######....   1%          5    ###....


Dungeon Overview and Level Annotations

Branches:
Dungeon (13/15)            Temple (0/1) D:7            Lair (1/6) D:11
    Orc (0/2) D:10
 Vaults: D:13-14

Altars:
Ashenzari
Fedhas
Hepliaklqana
Kikubaaqudgha
Makhleb
Nemelex Xobeh
Qazlal
Sif Muna
Trog
Uskayaw
Vehumet
Xom
Zin
The Shining One

Shops:
D:7 *!   D:9 !

Annotations:
D:13 Azrael, Rupert
Lair:1 exclusion: oklob plant


Innate Abilities, Weirdness & Mutations

You are resistant to torment.
Your stone body is resilient. (AC +9)
You are immune to poison.
You resist negative energy. (rN+)
You are resistant to electric shocks. (rElec)
You can survive without breathing.
You are immune to petrification.
You are immune to rotting.


Message History

Azrael blows smoke rings.
Azrael gestures at you. The sticky flame hits you!
You are covered in liquid flames!
* * * LOW HITPOINT WARNING * * *
A fire elemental comes into view.
You feel much better.
You are covered in liquid flames!
* * * LOW HITPOINT WARNING * * *
Rupert yells loudly at you.
You suddenly lose the ability to move!
An ugly thing and a fire elemental come into view.
You are covered in liquid flames!
* * * LOW HITPOINT WARNING * * *
Rupert roars wildly at you.
You are confused.
You are covered in liquid flames!
* * * LOW HITPOINT WARNING * * *
Azrael hits you with a scimitar of flaming!
You die...

#........# #.#
.#######........#####.#
.........[............#
#########.#####.#####.# #.#
#.# #.# #.# #.# #.# #.# #.#
#.#
######.#####(#####.######
........u.@...@R§E§E§§§§..%
####.#####.#..#####§#######
# #.# #.# #.# #.# #.# #.#
#.# #.# #.# #.. ... .# #.#


You could see Rupert, Azrael, a red ugly thing and 2 fire elementals.

Vanquished Creatures
  Frances (D:12)
  The ghost of executioneer the Nimble, a journeyman TrBe of Trog (D:12)
  Erolcha (D:13)
  Sonja (D:12)
  4 hill giants
  Pikel (D:6)
  A deep elf mage (D:12)
  An orc knight (Bailey)
  3 ugly things
  2 cyclopes
  A centaur zombie (D:12)
  2 centaur skeletons
  2 tengu conjurers (D:13)
  5 trolls
  A hornet (D:8)
  A two-headed ogre (D:10)
  17 slime creatures
  3 hippogriffs
  Grinder (D:3)
  Prince Ribbit (D:6)
  Eustachio (D:5)
  A wraith (D:12)
  A wyvern (D:9)
  17 yaks
  2 hungry ghosts
  2 vampire mosquitoes (D:11)
  Menkaure (D:4)
  3 wargs (D:11)
  A soldier ant (D:8)
  3 water moccasins
  2 sky beasts
  4 black bears
  12 orc warriors
  4 slaves (D:6)
  6 ice beasts
  5 phantoms
  An eye of draining (D:11)
  5 ogres
  3 centaurs
  2 crocodiles (D:11)
  7 bullfrogs
  A wyvern skeleton (D:12)
  3 scorpions
  3 wights (D:12)
  6 crimson imps
  6 howler monkeys
  3 bullfrog zombies
  2 quasits
  3 hounds
  11 orc wizards
  2 bullfrog skeletons (D:5)
  6 iguanas
  8 orc priests
  Jessica (D:3)
  9 worker ants
  A hound skeleton (D:5)
  Robin (D:3)
  A worker ant zombie (D:10)
  19 adders
  2 shadow imps
  An adder zombie (D:9)
  3 worms
  4 dart slugs
  5 leopard geckos
  46 orcs
  3 ball pythons
  5 giant cockroaches
  16 goblins
  12 hobgoblins
  9 jackals
  8 kobolds
  7 quokkas
  9 bats
  7 frilled lizards
  6 rats
362 creatures vanquished.

Vanquished Creatures (others)
  A human (D:4)
  A big kobold (D:12)
  A wight (D:12)
  2 kobolds (D:12)
5 creatures vanquished.

Grand Total: 367 creatures vanquished

Notes
Turn   | Place    | Note
-------+----------+-------------------------------------------
     0 | D:1      | Garfong the Gargoyle Earth Elementalist began the quest for the Orb.
     0 | D:1      | Reached XP level 1. HP: 10/10 MP: 3/3
    52 | D:1      | Reached skill level 4 in Earth Magic
   142 | D:1      | Reached XP level 2. HP: 15/15 MP: 0/5
   695 | D:1      | Reached skill level 5 in Earth Magic
   695 | D:1      | Reached XP level 3. HP: 19/19 MP: 4/6
  1500 | D:2      | Reached XP level 4. HP: 24/24 MP: 4/7
  1805 | D:3      | Reached skill level 6 in Earth Magic
  1913 | D:3      | Noticed Jessica
  2042 | D:3      | Killed Jessica
  2042 | D:3      | Reached XP level 5. HP: 28/28 MP: 3/8
  2087 | D:3      | Noticed Grinder
  2096 | D:3      | Killed Grinder
  2096 | D:3      | Reached skill level 8 in Earth Magic
  2096 | D:3      | Reached XP level 6. HP: 25/32 MP: 2/9
  2101 | D:3      | Learned a level 3 spell: Stone Arrow
  2240 | D:3      | Noticed Robin
  2540 | D:3      | Killed Robin
  3024 | D:4      | Reached skill level 9 in Earth Magic
  3077 | D:4      | Reached XP level 7. HP: 36/36 MP: 7/10
  3108 | D:4      | Learned a level 5 spell: Lee's Rapid Deconstruction
  3111 | D:4      | Noticed Menkaure
  3116 | D:4      | Killed Menkaure
  3116 | D:4      | Reached skill level 10 in Earth Magic
  3577 | D:4      | Reached skill level 1 in Conjurations
  3577 | D:4      | Reached XP level 8. HP: 41/41 MP: 4/11
  3792 | D:4      | Found an ancient bone altar of Kikubaaqudgha.
  3816 | D:5      | Entered Level 5 of the Dungeon
  3841 | D:5      | Reached skill level 11 in Earth Magic
  4413 | D:5      | Found a hide-covered altar of Uskayaw.
  4461 | D:5      | Found a burning altar of Makhleb.
  4462 | D:5      | Found a stormy altar of Qazlal.
  4535 | D:5      | Found a bloodstained altar of Trog.
  4535 | D:5      | Found a radiant altar of Vehumet.
  4537 | D:5      | Found an ancient bone altar of Kikubaaqudgha.
  4537 | D:5      | Found a sparkling altar of Nemelex Xobeh.
  4538 | D:5      | Found a hazy altar of Hepliaklqana.
  4545 | D:5      | Noticed Eustachio
  4568 | D:5      | Killed Eustachio
  4568 | D:5      | Reached skill level 5 in Spellcasting
  4777 | D:5      | Found a blossoming altar of Fedhas.
  4797 | D:5      | Became a worshipper of Vehumet
  4826 | D:5      | Noticed an angel
  4829 | D:5      | Found a glowing silver altar of Zin.
  4833 | D:5      | Found a shimmering altar of Xom.
  4973 | D:5      | Reached XP level 9. HP: 36/45 MP: 10/18
  5327 | D:6      | Noticed Prince Ribbit
  5334 | D:6      | Killed Prince Ribbit
  5336 | D:6      | Noticed Pikel
  5346 | D:6      | Killed Pikel
  5372 | D:6      | Upgraded the game from 0.19-b1-3-g7dea586 to 0.19.0-2-gae57169
  5521 | D:6      | Reached * piety under Vehumet
  5521 | D:6      | Offered knowledge of Freeze by Vehumet.
  5968 | D:7      | Found Amadiokk's Assorted Antiques.
  6358 | D:7      | Found Uruosmot's Distillery.
  6380 | D:7      | Bought 2 potions of mutation for 65 gold pieces
  6381 | D:7      | Bought a potion of haste for 130 gold pieces
  6381 | D:7      | Bought 2 potions of magic for 208 gold pieces
  6382 | D:7      | Found a staircase to the Ecumenical Temple.
  6413 | D:7      | Reached XP level 10. HP: 42/50 MP: 18/23
  6707 | D:7      | Reached skill level 10 in Spellcasting
  7057 | D:8      | Got a smoking robe
  7058 | D:8      | Identified the cursed +0 robe of the Saviour {+Fly} (You found it on level 8 of the Dungeon)
  7092 | D:8      | Found a glowing golden altar of the Shining One.
  7128 | D:8      | Learned a level 4 spell: Petrify
  7145 | D:8      | Found a glowing golden altar of the Shining One.
  7472 | D:8      | Reached ** piety under Vehumet
  7676 | D:8      | Offered knowledge of Throw Frost by Vehumet.
  7752 | D:8      | Found a deep blue altar of Sif Muna.
  8174 | D:9      | Found Muewn's Distillery.
  8217 | D:9      | Bought a potion of agility for 44 gold pieces
  8305 | D:9      | Found a shattered altar of Ashenzari.
  8638 | D:10     | Entered Level 10 of the Dungeon
  8712 | D:10     | Offered knowledge of Inner Flame by Vehumet.
  8715 | D:10     | Found a flagged portal.
  8765 | Bailey   | Entered a bailey
  8765 | Bailey   | Noticed an orc knight
  9046 | Bailey   | Killed an orc knight
  9046 | Bailey   | Reached XP level 11. HP: 54/54 MP: 4/27
  9343 | Bailey   | Reached *** piety under Vehumet
  9556 | D:10     | Noticed a hill giant
  9570 | D:10     | Killed a hill giant
  9678 | D:10     | Reached skill level 1 in Shields
  9698 | D:10     | Noticed a hill giant
  9702 | D:10     | Killed a hill giant
  9702 | D:10     | Offered knowledge of Ignite Poison by Vehumet.
  9819 | D:10     | Found a staircase to the Orcish Mines.
  9865 | D:10     | Noticed a cyclops
  9875 | D:10     | Killed a cyclops
 10254 | D:10     | Reached skill level 5 in Shields
 10260 | D:10     | Reached **** piety under Vehumet
 10699 | D:11     | Noticed a brown ugly thing
 10712 | D:11     | Killed a brown ugly thing
 10989 | D:11     | Noticed a brown ugly thing
 11115 | D:11     | Noticed a hill giant
 11122 | D:11     | Killed a hill giant
 11122 | D:11     | Reached skill level 12 in Earth Magic
 11123 | D:11     | Offered knowledge of Conjure Flame by Vehumet.
 11141 | D:11     | Reached XP level 12. HP: 38/59 MP: 2/29
 11419 | D:11     | Reached skill level 13 in Earth Magic
 11562 | D:11     | Found a staircase to the Lair.
 11999 | Lair:1   | Entered Level 1 of the Lair of Beasts
 12211 | D:12     | Noticed executioneer's ghost (journeyman TrBe)
 12218 | D:12     | Killed executioneer's ghost
 12483 | D:12     | Reached ***** piety under Vehumet
 12483 | D:12     | Offered knowledge of Bolt of Draining by Vehumet.
 12490 | D:12     | Reached skill level 14 in Earth Magic
 12611 | D:12     | Noticed Sonja
 12770 | D:12     | Noticed Frances
 12790 | D:12     | Killed Frances
 12790 | D:12     | Reached skill level 5 in Conjurations
 13003 | D:12     | Reached skill level 15 in Earth Magic
 13018 | D:12     | Killed Sonja
 13477 | D:12     | Reached XP level 13. HP: 63/63 MP: 13/30
 14148 | D:12     | Reached skill level 5 in Dodging
 14313 | D:13     | Noticed Erolcha
 14316 | D:13     | Noticed Azrael
 14319 | D:13     | Killed Erolcha
 14320 | D:13     | Noticed Rupert
 14322 | D:13     | Paralysed by Rupert for 3 turns
 14324 | D:13     | Slain by Azrael

Skill      XL: |  1  2  3  4  5  6  7  8  9 10 11 12 13 |
---------------+----------------------------------------+-----
Earth Magic    | 4 5 6 8 9 10 11 12 15 | 15.2
Conjurations   | 1 2 5 |  5.6
Spellcasting   | 6 9 12 13 | 13.0
Shields        | 6 |  6.3
Dodging        | 3 6 |  6.3
Stealth        | |  2.1
Transmutations | |  0.7

Action                   |  1- 3 |  4- 6 |  7- 9 | 10-12 | 13-15 || total
-------------------------+-------+-------+-------+-------+-------++-------
Melee: Whip              |    26 |     6 |       |       |       ||    32
       Unarmed           |     3 |       |       |       |       ||     3
 Cast: Sandblast         |    52 |    80 |    98 |   132 |     4 ||   366
       Stone Arrow       |       |       |    31 |   127 |    17 ||   175
       Lee's Rapid Decon |       |       |     5 |    58 |    16 ||    79
       Petrify           |       |       |       |     1 |       ||     1
  Use: Scroll            |     1 |       |    10 |     9 |       ||    20
       Potion            |       |       |     1 |     2 |     1 ||     4
 Stab: Sleeping          |     6 |       |       |       |       ||     6
  Eat: Chunk             |     3 |     6 |    13 |    23 |     1 ||    46
       Beef jerky        |       |       |     1 |     1 |     1 ||     3
       Pizza             |       |       |       |     2 |       ||     2
       Royal jelly       |       |       |       |     1 |       ||     1
Armor: Robe              |    11 |    11 |    13 |    22 |       ||    57
Dodge: Dodged            |    47 |    19 |    16 |    24 |     2 ||   108
Block: Buckler           |       |       |       |     7 |       ||     7
